 Dungeon Crawl Stone Soup version 0.21-a0-450-gd87a9b2 (webtiles) character file.

55 Laiders the Ruffian (level 3, -2/26 (31) HPs)
             Began as a Ghoul Monk on Nov 19, 2017.
             Slain by an iguana (11 damage)
             ... on level 2 of the Dungeon.
             The game lasted 00:04:20 (1376 turns).

Laiders the Ruffian (Ghoul Monk)                    Turns: 1376, Time: 00:04:21

HP:   -2/26 (31)    AC:  6    Str: 15    XL:     3   Next: 93%
MP:   2/2           EV: 10    Int:  5    God:
Gold: 85            SH:  0    Dex: 11    Spells: 2/2 levels left

rFire    . . .     SeeInvis .     - Unarmed
rCold    + . .     Gourm    .   (no shield)
rNeg     + + +     Faith    .   h - +0 scale mail
rPois    ∞         Spirit   .   (no helmet)
rElec    .         Reflect  .   (no cloak)
rCorr    .         Harm     .   (no gloves)
MR       .....                  (no boots)
Stlth    ..........             (no amulet)
HPRegen  0.00/turn              (no ring)
MPRegen  0.08/turn              (no ring)

@: rotting
A: rotting body, claws 1, carnivore 3, cold resistance 1, negative energy
resistance 3, inhibited regeneration, torment resistance, unbreathing
a: no special abilities


You were on level 2 of the Dungeon.
You were not hungry.

You visited 1 branch of the dungeon, and saw 2 of its levels.

You collected 85 gold pieces.

Inventory:

Armour
 h - a +0 scale mail (worn)
Scrolls
 c - 3 scrolls of identify
 d - a scroll of remove curse {unknown}
 e - a scroll of enchant armour {unknown}
Potions
 a - a potion of berserk rage {unknown}
 f - a potion of agility
 g - 2 potions of curing
Comestibles
 b - 2 meat rations


   Skills:
 - Level 3.2 Fighting
 - Level 2.6 Dodging
 - Level 2.1 Stealth
 + Level 5.2 Unarmed Combat


You had 2 spell levels left.
You didn't know any spells.

Dungeon Overview and Level Annotations

Branches:
Dungeon (2/15)

Altars:


Innate Abilities, Weirdness & Mutations

Your body is rotting away.
You thrive on raw meat.
You are immune to poison.
You have sharp fingernails.
You are carnivorous and can eat meat at any time.
Your flesh is cold resistant. (rC+)
You are immune to negative energy. (rN+++)
You do not regenerate when monsters are visible.
You are immune to unholy pain and torment.
You can survive without breathing.


Message History

Your scale mail prevents you from hitting the iguana.
The iguana closely misses you.
You barely miss the iguana.
The iguana bites you but does no damage.
You scratch the iguana.
The iguana is moderately wounded.
The iguana barely misses you.
You scratch the iguana.
The iguana is moderately wounded.
The iguana barely misses you.
You scratch the iguana.
The iguana is heavily wounded.
The iguana closely misses you.
You claw the iguana!
The iguana is almost dead.
The iguana bites you!
You scratch the iguana but do no damage.
The iguana is almost dead.
The iguana bites you!
You die...

#..# ..# #..# #.#
#... #.# ##.## #.#
#.##.# #.# .##.#
#.###.####.##.#
#....l.....##.#
#@# #.# #.# #.###
.# #.# ##...## .#
#.######..##.# .#
#..........#.###.#
########.%.....#.#
##...##.#.#
##.##....#
#....#..#


You could see an iguana.

Vanquished Creatures
  2 adders (D:2)
  3 dart slugs (D:1)
  3 ball pythons (D:1)
  2 giant cockroaches (D:1)
  5 goblins
  2 hobgoblins (D:1)
  A quokka (D:2)
  7 bats
  A frilled lizard (D:1)
  4 kobolds
  A rat (D:2)
31 creatures vanquished.

Notes
Turn   | Place    | Note
-------+----------+-------------------------------------------
     0 | D:1      | Laiders the Ghoul Monk began the quest for the Orb.
     0 | D:1      | Reached XP level 1. HP: 19/19 MP: 0/0
   160 | D:1      | Reached XP level 2. HP: 23/25 MP: 1/1
   180 | D:1      | Reached skill level 4 in Unarmed Combat
   545 | D:1      | Reached XP level 3. HP: 29/31 MP: 2/2
  1173 | D:2      | Reached skill level 5 in Unarmed Combat
  1376 | D:2      | Slain by an iguana

Vault maps used:
D:1:      dpeg_arrival_court
D:2:      first_bread, minmay_pentomino_x4

Skill      XL: |  1  2  3 |
---------------+----------+-----
Unarmed Combat | 4 5 |  5.2
Fighting       | |  3.2
Dodging        | |  2.6
Stealth        | |  2.1

Action                   || total
-------------------------++-------
Melee: Unarmed           ||   111
       Punch             ||     2
  Use: Scroll            ||     2
 Stab: Sleeping          ||     2
  Eat: Chunk             ||     2
Armor: Robe              ||    28
       Ring mail         ||    13
       Scale mail        ||     2
Dodge: Dodged            ||   109

Table legend:
 A = Spawn XP
 B = Non-spawn XP
 C = Spawn XP percentage of total XP
 D = Spawn monster count
 E = Non-spawn monster count
 F = Spawn count percentage of total count
 G = Total turns spent on level
                    A         B        C        D         E        F      G
               +---------+---------+-------+---------+---------+-------+---------
         Total |       0 |      79 |   0.0 |       0 |      31 |   0.0 |  1376
               +---------+---------+-------+---------+---------+-------+---------
           D:1 |       0 |      39 |   0.0 |       0 |      21 |   0.0 |  1017
           D:2 |       0 |      40 |   0.0 |       0 |      10 |   0.0 |   359
               +---------+---------+-------+---------+---------+-------+---------
